 Dungeon Crawl Stone Soup version 0.30-a0-1163-gf69bf04e7a (webtiles) character file.

Game seed: 16505209116935499772

435 IndexError the Slasher (level 6, -10/49 HPs)
             Began as a Demonspawn Fighter on Apr 27, 2023.
             Was an Initiate of Gozag.
             Mangled by Menkaure (19 damage)
             ... on level 4 of the Dungeon on Apr 28, 2023.
             The game lasted 00:09:53 (2688 turns).

IndexError the Slasher (Demonspawn Fighter)         Turns: 2688, Time: 00:09:54

Health: -10/49     AC:  7    Str: 16    XL:     6   Next: 68%
Magic:  6/6        EV: 13    Int: 12    God:    Gozag
Gold:   309        SH:  5    Dex: 12    Spells: 4/5 levels left

rFire   . . .        a - +0 dagger (elec)
rCold   . . .        c - +0 buckler
rNeg    . . .        b - +0 scale mail
rPois   .            (helmet restricted)
rElec   .            (no cloak)
rCorr   +            l - +0 pair of gloves
SInv    .            (no boots)
Will    .....        r - amulet of the acrobat
Stlth   x              - ring of resist corrosion
HPRegen 0.28/turn    (no ring)
MPRegen 0.10/turn

%: acrobat
@: agile
A: antennae 1, powered by pain 1, weakness stinger 1, demonic touch 1
a: Renounce Religion, Potion Petition, Call Merchant, Bribe Branch


You were on level 4 of the Dungeon.
You worshipped Gozag.
Gozag was aware of your devotion.
You visited 1 branch of the dungeon, and saw 4 of its levels.

You collected 309 gold pieces.

Inventory:

Hand Weapons
 a - a +0 dagger of electrocution (weapon)
   (You took it off a kobold on level 1 of the Dungeon)
 f - a +0 long sword
Missiles
 z - 3 javelins (quivered)
Armour
 b - a +0 scale mail (worn)
 c - a +0 buckler (worn)
 l - a +0 pair of gloves (worn)
   (You found it on level 1 of the Dungeon)
 p - the +2 pair of boots "Eraiquto" {rElec rCorr Str-5 Int+8}
   (You found it on level 2 of the Dungeon)

   Str:       It affects your strength (-5).
   Int:       It affects your intelligence (+8).
   rElec:     It insulates you from electricity.
   rCorr:     It protects you from acid and corrosion.
Jewellery
 r - an amulet of the acrobat (around neck)
   (You found it on level 2 of the Dungeon)
 s - an amulet of magic regeneration
   (You found it on level 2 of the Dungeon)
 x - a ring of resist corrosion (left hand)
   (You found it on level 3 of the Dungeon)
Wands
 y - a wand of polymorph (8)
   (You found it on level 3 of the Dungeon)
 A - a wand of quicksilver (9)
   (You found it on level 3 of the Dungeon)
Scrolls
 e - 10 scrolls of identify {unknown}
 g - 3 scrolls of magic mapping {unknown}
 k - a scroll of immolation {unknown}
 m - 3 scrolls of amnesia {unknown}
 o - a scroll of vulnerability {unknown}
 q - a scroll of acquirement {unknown}
 t - a scroll of enchant weapon {unknown}
 u - 3 scrolls of teleportation {unknown}
Potions
 d - 2 potions of might
 h - a potion of attraction {unknown}
 i - 2 potions of heal wounds {unknown}
 j - 2 potions of haste {unknown}
 n - a potion of cancellation {unknown}
 v - a potion of degeneration {unknown}
 w - a potion of curing {unknown}


   Skills:
 + Level 4.5 Fighting
 * Level 4.7 Long Blades
 - Level 2.6 Armour
 - Level 4.0 Shields
 + Level 1.2 Necromancy


You had 4 spell levels left.
You knew the following spells:

 Your Spells              Type           Power      Damage    Failure   Level
a - Necrotise             Necr           12%        1d4       67%         1

Your spell library contained the following spells:

 Spells                   Type           Power      Damage    Failure   Level
 Apportation              Tloc           0%         N/A       83%         1
 Summon Small Mammal      Summ           0%         N/A       83%         1


Dungeon Overview and Level Annotations

Branches:
Dungeon (4/15)
 Temple: D:4-7

Altars:
Cheibriados
Dithmenos
Gozag
Ru

Annotations:
D:4 Menkaure


Innate Abilities, Weirdness & Mutations

You have a pair of small antennae on your head.
You sometimes gain a little power by taking damage.
You have a small tail.
Your touch may inflict minor irresistible damage on your foes.


Message History

Health restored: 49 You block the adder's attack.
You hit the adder. The adder closely misses you.
You hit the adder. Lightning courses through the adder!
No target in view!
No target in view!
You now have 298 gold pieces (gained 7).
There is an escape hatch in the floor here.
There is an open door here.
You see here a +0 dagger.
Found a stone staircase leading down.
No target in view!
You now have 304 gold pieces (gained 6).
You see here a +0 sling.
An iguana comes into view.
You barely miss the iguana.
Your tail-slap misses the iguana.
The iguana barely misses you.
You hit the iguana but do no damage. You tail-slap the iguana.
You barely miss the iguana. The iguana bites you!
You take 10 damage, and have 39/49 hp.
MASSIVE DAMAGE!!
You hit the iguana but do no damage. You tail-slap the iguana.
You block the iguana's attack.
You hit the iguana. The iguana barely misses you.
You hit the iguana. The iguana barely misses you.
You hit the iguana but do no damage. Lightning courses through the iguana!
No target in view!
No target in view!
You now have 309 gold pieces (gained 5).
A dart slug comes into view.
Health restored: 49 A dart slug is nearby!
No reachable target in view!
No reachable target in view!
No reachable target in view!
No reachable target in view!
Found a snail-covered altar of Cheibriados.
The dart slug launches a dart at you.
The slug dart hits you but does no damage.
A kobold comes into view. It is wielding a +0 dagger.
The kobold shouts!
You hear a shout!
You hit the kobold. You hit the kobold. Lightning courses through the kobold!
A kobold comes into view. It is wielding a +0 club.
You enter the shallow water.
Moving in this stuff is going to be slow.
Menkaure, Prince of Dust comes into view.
Menkaure shouts!
The kobold throws a stone.
You block the stone.
The kobold throws a stone.
The stone barely misses you.
The kobold throws a stone.
The stone closely misses you.
You start waiting.
You sense a monster nearby.
The kobold completely misses you.
You closely miss the kobold. The kobold hits you but does no damage.
You closely miss the kobold. The kobold hits you but does no damage.
The kobold throws a stone.
The stone completely misses you. The kobold barely misses you.
You hit the kobold. Lightning courses through the kobold!
Menkaure gestures at you while chanting.
Pain shoots through your body!
You take 1 damage, and have 48/49 hp.
Menkaure barely misses you.
Things that are here:
8 gold pieces; a +0 club; a stone You hit Menkaure.
Menkaure hits you!!
You focus on the pain.
You feel agile all of a sudden.
You take 20 damage, and have 28/49 hp.
MASSIVE DAMAGE!!
You are too injured to fight recklessly!
Okay, then.
Unknown command.
You closely miss Menkaure. You hit Menkaure but do no damage.
Menkaure hits you but does no damage.
You hit Menkaure but do no damage.
Menkaure mumbles some strange words.
Menkaure seems to speed up.
You hit Menkaure. You tail-slap Menkaure.
Menkaure is distracted by your dazzling golden aura.
You catch the helpless Menkaure completely off-guard!
You puncture Menkaure!
Menkaure is no longer distracted by gold.
Menkaure calls on the powers of darkness!
Your body is wracked with pain!
You take 13 damage, and have 16/49 hp.
MASSIVE DAMAGE!!
You hit Menkaure but do no damage. Menkaure completely misses you.
Menkaure misses you.
You hit Menkaure but do no damage.
You tail-slap Menkaure, but do no damage.
Menkaure casts a spell at you. Pain shoots through your body!
* * * LOW HITPOINT WARNING * * *
You take 7 damage, and have 9/49 hp.
You hit Menkaure but do no damage. You tail-slap Menkaure.
Menkaure barely misses you.
You hit Menkaure but do no damage. Menkaure misses you.
You hit Menkaure but do no damage. Menkaure hits you.
* * * LOW HITPOINT WARNING * * *
You take 1 damage, and have 9/49 hp.
You barely miss Menkaure.
Your tail-slap misses Menkaure.
Menkaure hits you!!
You die...
Your body crumbles into a pile of gold.

# ## .#_#####
#####~~~... #...~≈~≈~##
#.##~≈w≈K.#.. #
#####.#.~≈≈≈~....
#.#M.......~~M..#
#.#@###.###$....#
#.....#..........+
#########.#.#########.##
#.........#... ..
#.############# .. #.# #
#.# #.# ## #)#


You could see Menkaure (fast).

Vanquished Creatures
  An ogre (D:2)
  A scorpion (D:3)
  2 jellies
  A sleepcap (D:4)
  2 iguanas (D:4)
  7 adders
  A gnoll (D:1)
  An ufetubus (D:3)
  4 worms
  2 dart slugs
  An orc (D:3)
  8 bats
  5 endoplasms
  5 goblins
  9 hobgoblins
  4 quokkas
  5 ball pythons
  2 frilled lizards
  4 kobolds
  3 rats
68 creatures vanquished.

Vanquished Creatures (others)
  5 plants (D:4)
5 creatures vanquished.

Grand Total: 73 creatures vanquished

Notes
Turn   | Place    | Note
-------+----------+-------------------------------------------
     0 | D:1      | IndexError the Demonspawn Fighter began the quest for the
                  | Orb.
     0 | D:1      | Reached XP level 1. HP: 18/18 MP: 1/1
    34 | D:1      | Reached skill level 2 in Long Blades
    34 | D:1      | Gained mutation: You sometimes gain a little power by
                  | taking damage. [demonic ancestry]
    34 | D:1      | Reached XP level 2. HP: 14/24 MP: 2/2
   107 | D:1      | Reached skill level 3 in Shields
   279 | D:1      | Reached XP level 3. HP: 29/29 MP: 3/3
   667 | D:2      | Noticed an ogre
   808 | D:2      | Identified the +2 pair of boots "Eraiquto" {rElec rCorr
                  | Str-5 Int+8}
   906 | D:2      | Found a sacrificial altar of Ru.
   974 | D:2      | Reached skill level 3 in Long Blades
   974 | D:2      | Discovered your monstrous ancestry.
   974 | D:2      | Gained mutation: You have a pair of small antennae on your
                  | head. [demonic ancestry]
   974 | D:2      | Reached XP level 4. HP: 31/36 MP: 4/4
  1090 | D:2      | Found a faded altar of an unknown god.
  1155 | D:2      | Killed an ogre
  1156 | D:2      | Reached skill level 4 in Fighting
  1156 | D:2      | Gained mutation: Your touch may inflict minor irresistible
                  | damage on your foes. [demonic ancestry]
  1156 | D:2      | Reached XP level 5. HP: 37/42 MP: 5/5
  1195 | D:2      | Prayed at the altar of an unknown god.
  1195 | D:2      | Became a worshipper of Gozag Ym Sagoz the Greedy
  1567 | D:3      | Found a shadowy altar of Dithmenos.
  2145 | D:3      | Reached skill level 4 in Long Blades
  2145 | D:3      | Gained mutation: You have a small tail. [demonic ancestry]
  2145 | D:3      | Reached XP level 6. HP: 48/48 MP: 6/6
  2147 | D:3      | Reached skill level 4 in Shields
  2156 | D:3      | Learned a level 1 spell: Necrotise
  2395 | D:4      | Upgraded the game from 0.30-a0-1160-g6e42c06551 to
                  | 0.30-a0-1163-gf69bf04e7a
  2421 | D:4      | Reached skill level 1 in Necromancy
  2646 | D:4      | Found a snail-covered altar of Cheibriados.
  2651 | D:4      | Noticed Menkaure
  2684 | D:4      | HP: 9/49 [Menkaure/nerve-wracking pain (7)]
  2688 | D:4      | Mangled by Menkaure

Illustrated notes

Levels and vault maps discovered:
D:1:      minmay_arrival_shattered_statue, layout_rooms, minmay_hexomino_f4
D:2:      layout_rooms, hellmonk_ecumenical_altar_arch_garden, basic_altar
D:3:      layout_basic, grunt_dithmenos_smoke, minmay_between, uniq_terence
D:4:      layout_basic, kennysheep_slug_shrine, serial_bayou_ford_a,
          uniq_menkaure

Skill      XL: |  1  2  3  4  5  6 |
---------------+-------------------+-----
Long Blades    | 2 3 4 |  4.7
Shields        | 3 4 |  4.0
Fighting       | 4 |  4.5
Necromancy     | 1 |  1.2
Armour         | |  2.6

Action                     |  1- 3 |  4- 6 || total
---------------------------+-------+-------++-------
  Melee: Long sword        |    11 |       ||    11
         Dagger            |   135 |   137 ||   272
         Tailslap          |       |    15 ||    15
   Stab: Distracted        |       |     1 ||     1
 Armour: Scale mail        |    62 |    30 ||    92
  Dodge: Dodged            |    72 |    52 ||   124
  Block: Buckler           |    34 |    23 ||    57

Table legend: (Time is in decaauts)
 A = Elapsed time spent in this place.
 B = Non-inter-level travel time spent in this place.
 C = Inter-level travel time spent in this place.
 D = Time resting spent in this place.
 E = Time spent auto-exploring this place.
 F = Levels seen in this place.
 G = Mean time per level.
                   A        B        C        D        E       F      G
               +--------+--------+--------+--------+--------+-----+--------+
         Total |   2680 |   2408 |    272 |      3 |   1792 |   4 |  670.0 |
       Dungeon |   2680 |   2408 |    272 |      3 |   1792 |   4 |  670.0 |
               +--------+--------+--------+--------+--------+-----+--------+

Top non-repeatable levels by time:
     D:1: 752 daAuts
     D:2: 701 daAuts
     D:3: 675 daAuts
     D:4: 551 daAuts

Levels and vault maps discovered:
D:1:      minmay_arrival_shattered_statue, layout_rooms, minmay_hexomino_f4
D:2:      layout_rooms, hellmonk_ecumenical_altar_arch_garden, basic_altar
D:3:      layout_basic, grunt_dithmenos_smoke, minmay_between, uniq_terence
D:4:      layout_basic, kennysheep_slug_shrine, serial_bayou_ford_a,
          uniq_menkaure

Table legend: (Time is in decaauts)
 A = Elapsed time spent in this place.
 B = Non-inter-level travel time spent in this place.
 C = Inter-level travel time spent in this place.
 D = Time resting spent in this place.
 E = Time spent auto-exploring this place.
 F = Levels seen in this place.
 G = Mean time per level.
                   A        B        C        D        E       F      G
               +--------+--------+--------+--------+--------+-----+--------+
         Total |   2680 |   2408 |    272 |      3 |   1792 |   4 |  670.0 |
       Dungeon |   2680 |   2408 |    272 |      3 |   1792 |   4 |  670.0 |
               +--------+--------+--------+--------+--------+-----+--------+

Top non-repeatable levels by time:
     D:1: 752 daAuts
     D:2: 701 daAuts
     D:3: 675 daAuts
     D:4: 551 daAuts

Table legend:
 A = Kills in this place as a percentage of kills in the entire game.
 B = Kills by you in this place as a percentage of kills by you in the entire game.
 C = Kills by friends in this place as a percentage of kills by friends in the entire game.
 D = Other kills in this place as a percentage of other kills in the entire game.
 E = Experience gained in this place as a percentage of experience gained in the entire game.
 F = Experience gained in this place divided by the number of levels of this place that you have seen.
                   A       B       C       D       E      F
               +-------+-------+-------+-------+-------+----------------------
         Total | 100.0 | 100.0 |   N/A |   N/A | 100.0 | 155.5
       Dungeon | 100.0 | 100.0 |   N/A |   N/A | 100.0 | 155.5
               +-------+-------+-------+-------+-------+----------------------
